 Dungeon Crawl Stone Soup version 0.30-a0-779-g7971cf19c3 (webtiles) character file.

Game seed: 5466776301269248469

5761 oldriver the Geomancer (level 10, 0/63 HPs)
             Began as a Gargoyle Earth Elementalist on Feb 18, 2023.
             Was a Believer of Kikubaaqudgha.
             Slain by an unseen horror (8 damage)
             ... on level 10 of the Dungeon.
             The game lasted 00:17:04 (8548 turns).

oldriver the Geomancer (GrEE)                       Turns: 8548, Time: 00:17:04

Health: 0/63       AC: 17    Str: 12    XL:     10   Next: 78%
Magic:  5/21       EV: 11    Int: 20    God:    Kikubaaqudgha [**....]
Gold:   556        SH:  3    Dex: 10    Spells: 17/23 levels left

rFire   . . .      SeeInvis .    B - +4 trident (protect)
rCold   . . .      Faith    .    f - +0 buckler
rNeg    + + .      Spirit   .    s - +1 leather armour {rPois}
rPois   ∞          Reflect  .    u - +0 helmet
rElec   +          Harm     .    (no cloak)
rCorr   .          Rampage  .    w - +0 pair of gloves
Will    .....                    (no boots)
Stlth   +++                      q - amulet of magic regeneration
HPRegen 0.30/turn                e - ring of positive energy
MPRegen 0.57/turn                t - +4 ring of protection

@: no status effects
A: sickness immunity, AC +7, negative energy resistance 1, electricity
resistance, torment resistance 1, petrification resistance
a: Renounce Religion, Unearth Wretches


You were on level 10 of the Dungeon.
You worshipped Kikubaaqudgha.
Kikubaaqudgha was pleased with you.
You visited 2 branches of the dungeon, and saw 11 of its levels.

You collected 600 gold pieces.
You spent 44 gold pieces at shops.

Inventory:

Hand Weapons
 B - a +4 trident of protection (weapon)
Missiles
 A - 2 throwing nets
 O - 2 atropa-tipped darts
Armour
 f - a +0 buckler (worn)
 s - a +1 leather armour of poison resistance (worn)
 u - a +0 helmet (worn)
 w - a +0 pair of gloves (worn)
 H - a +0 robe of willpower
Jewellery
 a - an amulet of the acrobat
 e - a ring of positive energy (left hand)
 q - an amulet of magic regeneration (around neck)
 t - a +4 ring of protection (right hand)
 G - an amulet of faith
 K - an amulet of regeneration
 M - a ring of see invisible
 P - a ring of flight
Wands
 y - a wand of digging (9)
 C - a wand of light (8)
 E - a wand of polymorph (7)
 J - a wand of flame (43)
Scrolls
 h - a scroll of fear {unknown}
 j - 2 scrolls of blinking
 x - 3 scrolls of teleportation
 z - 3 scrolls of identify
 F - a scroll of enchant weapon {unknown}
 I - 4 scrolls of amnesia {unknown}
 N - a scroll of magic mapping
Potions
 b - a potion of magic
 c - 3 potions of attraction {unknown}
 d - 5 potions of curing
 g - a potion of mutation {unknown}
 i - 2 potions of ambrosia
 k - 2 potions of flight
 l - 4 potions of haste
 m - 2 potions of might
 n - 2 potions of brilliance
 o - 2 potions of lignification
 p - a potion of degeneration {unknown}
 v - 2 potions of invisibility {unknown}
 D - a potion of heal wounds {unknown}
 L - 2 potions of cancellation {unknown}


   Skills:
 - Level 7.0 Fighting
 - Level 2.0 Armour
 - Level 2.0 Dodging
 - Level 7.0 Stealth
 + Level 7.4 Spellcasting
 + Level 7.6 Conjurations
 + Level 2.2 Transmutations
 + Level 9.5 Earth Magic


You had 17 spell levels left.
You knew the following spells:

 Your Spells              Type           Power      Damage    Failure   Level
a - Sandblast             Erth           90%        2d19      1%          1
b - Passwall              Tmut/Erth      25%        N/A       2%          2
c - Stone Arrow           Conj/Erth      82%        3d12      1%          3

Your spell library contained the following spells:

 Spells                   Type           Power      Damage    Failure   Level
 Kiss of Death            Conj/Necr      88%        2d12      3%          1
 Petrify                  Tmut/Erth      31%        N/A       14%         4
 Necrotise                Necr           28%        1d5       16%         1
 Ensorcelled Hibernation  Hex/Ice        14%        N/A       24%         2
 Lesser Beckoning         Tloc           14%        N/A       24%         2
 Gell's Gravitas          Tloc           7%         N/A       43%         3
 Swiftness                Air            7%         N/A       43%         3
 Teleport Other           Tloc           7%         N/A       43%         3
 Tukima's Dance           Hex            7%         N/A       43%         3
 Vampiric Draining        Necr           7%         2d6       43%         3
 Animate Dead             Necr           7%         N/A       85%         4
 Passage of Golubria      Tloc           7%         N/A       85%         4
 Yara's Violent Unravell  Hex/Tmut       5%         3d4       96%         5
 Agony                    Necr           7%         N/A       99%         5


Dungeon Overview and Level Annotations

Branches:
Dungeon (10/15)            Temple (1/1) D:4             Orc (0/2) D:10
   Lair: D:8-11

Altars:
Ashenzari
Cheibriados
Dithmenos
Gozag
Kikubaaqudgha
Qazlal
Ru
Trog
Uskayaw
Vehumet
Xom
Yredelemnul
The Shining One

Shops:
D:7 *   D:9 (

Annotations:
D:4 1 runed translucent door, Crazy Yiuf
D:8 1 runed translucent door
D:9 3 runed translucent doors, MrSquiggles's ghost, novice OpAr


Innate Abilities, Weirdness & Mutations

You are immune to sickness and miasma.
Your stone body is resilient. (AC +7)
You are immune to poison.
You resist negative energy. (rN+)
You are resistant to electric shocks. (rElec)
You are resistant to unholy torment.
You are immune to petrification.


Message History

Something hits you.
You start resting.
There is a strange disturbance nearby!
You closely miss something. Something hits you.
You puncture something!
Your weapon exudes an aura of protection.
Something hits you but does no damage. x2
You hit something. You block something's attack.
You hit something.
Something hits you but does no damage. x2
Something hits you but does no damage. Something hits you but does no damage.
Something hits you. Something hits you but does no damage.
Casting: Stone Arrow (safe; 1% risk of failure)
Confirm with . or Enter, or press ? or * to list all spells.
Aiming: Sandblast (safe; 1% risk of failure)
Press: ? - help, Shift-Dir - straight line The blast of sand hits something.
Something completely misses you. Something hits you.
* * * LOW HITPOINT WARNING * * *
Casting: Sandblast (safe; 1% risk of failure)
Confirm with . or Enter, or press ? or * to list all spells.
Aiming: Sandblast (safe; 1% risk of failure)
Press: ? - help, Shift-Dir - straight line The blast of sand hits something!
Something hits you but does no damage.
Casting: Sandblast (safe; 1% risk of failure)
Confirm with . or Enter, or press ? or * to list all spells.
Aiming: Sandblast (safe; 1% risk of failure)
Press: ? - help, Shift-Dir - straight line Something hits you.
* * * LOW HITPOINT WARNING * * *
Something hits you but does no damage.
Casting: Sandblast (safe; 1% risk of failure)
Confirm with . or Enter, or press ? or * to list all spells.
Aiming: Sandblast (safe; 1% risk of failure)
Press: ? - help, Shift-Dir - straight line Something hits you.
* * * LOW HITPOINT WARNING * * *
Something hits you!
You die...
Kikubaaqudgha rasps: "You have failed me!
Welcome... oblivion!"

#..##..# #..##..# .
#..##..########..
#..##............
#..##............
#..##..................
#......................
#......########..K....>
#..##.@# #..K.)...
#..##..# #o.......
#..##.)# #........
#..##>)# #........
#....))########.)#####
#.....)[..K.KK.........
#...>......KK..........
#######################


There were no monsters in sight!

Vanquished Creatures
  An unseen horror (D:10)
  Prince Ribbit (D:8)
  A wyvern (D:10)
  8 yaks
  Edmund (D:4)
  2 acid dragons
  2 water moccasins
  A sky beast (D:8)
  Duvessa (D:5)
  2 ice beasts
  3 orc warriors
  2 black bears
  4 centaurs
  A phantom (D:4)
  2 kobold brigands
  3 bullfrogs
  2 scorpions (D:5)
  2 gnoll sergeants
  5 wights (D:7)
  Dowan (D:5)
  6 killer bees (D:8)
  A howler monkey (D:8)
  5 jellies
  2 orc priests
  4 hounds
  2 human skeletons (D:8)
  4 iguanas
  9 orc wizards
  14 gnolls
  10 adders
  A white imp (D:5)
  An ufetubus (D:5)
  A dart slug (D:1)
  20 orcs
  8 ball pythons
  9 endoplasms
  A giant cockroach (D:4)
  8 goblins
  7 hobgoblins
  2 jackals (D:4)
  13 kobolds
  4 quokkas
  2 bats
  6 frilled lizards
  6 rats
191 creatures vanquished.

Notes
Turn   | Place    | Note
-------+----------+-------------------------------------------
     0 | D:1      | oldriver the Gargoyle Earth Elementalist began the quest
                  | for the Orb.
     0 | D:1      | Reached XP level 1. HP: 10/10 MP: 3/3
   198 | D:1      | Reached XP level 2. HP: 15/15 MP: 1/5
   247 | D:1      | Reached skill level 4 in Earth Magic
   961 | D:2      | Found a shimmering altar of Xom.
   984 | D:2      | Reached XP level 3. HP: 19/19 MP: 4/6
  1084 | D:2      | Learned a level 2 spell: Passwall
  1088 | D:2      | Learned a level 3 spell: Stone Arrow
  1674 | D:3      | Reached XP level 4. HP: 24/24 MP: 5/8
  1977 | D:3      | Found a radiant altar of Vehumet.
  2112 | D:4      | Found an opulent altar of Gozag.
  2126 | D:4      | Reached XP level 5. HP: 23/28 MP: 7/9
  2129 | D:4      | HP: 1/28 [orc priest/+0 trident (2)]
  2305 | D:4      | Reached skill level 5 in Earth Magic
  2384 | D:4      | Noticed Edmund
  2497 | D:4      | Found a runed translucent door.
  2498 | D:4      | Noticed Crazy Yiuf
  2607 | D:5      | Entered Level 5 of the Dungeon
  2676 | D:5      | Reached skill level 1 in Fighting
  2676 | D:5      | Reached XP level 6. HP: 31/34 MP: 9/11
  2706 | D:5      | Reached skill level 1 in Conjurations
  2975 | D:5      | Noticed Duvessa
  2975 | D:5      | Noticed Dowan
  3007 | D:4      | Killed Edmund
  3008 | D:4      | Reached XP level 7. HP: 10/41 MP: 1/12
  3163 | D:4      | Found a stormy altar of Qazlal.
  3205 | D:4      | Reached skill level 5 in Stealth
  3359 | D:4      | Found a staircase to the Ecumenical Temple.
  3384 | Temple   | Entered the Ecumenical Temple
  3415 | Temple   | Became a worshipper of Kikubaaqudgha
  3900 | D:5      | Reached skill level 5 in Fighting
  3900 | D:5      | Reached skill level 6 in Earth Magic
  3900 | D:5      | Reached XP level 8. HP: 43/49 MP: 10/13
  4116 | D:5      | Killed Duvessa
  4126 | D:5      | Killed Dowan
  4480 | D:6      | Reached skill level 5 in Spellcasting
  4480 | D:6      | Reached skill level 5 in Conjurations
  4480 | D:6      | Reached skill level 7 in Earth Magic
  4493 | D:6      | Reached skill level 1 in Armour
  4515 | D:6      | You fall into a shaft and drop 3 floors!
  4547 | D:8      | Found a runed translucent door.
  4557 | D:8      | Reached XP level 9. HP: 54/54 MP: 7/16
  4584 | D:8      | Reached * piety under Kikubaaqudgha
  4584 | D:8      | Received a gift from Kikubaaqudgha
  4686 | D:8      | Noticed Prince Ribbit
  4706 | D:8      | Killed Prince Ribbit
  4812 | D:7      | Found Piurgh's Assorted Antiques.
  4817 | D:7      | Bought a sedimented brown potion for 22 gold pieces
  4817 | D:7      | Bought a smoky cyan potion for 22 gold pieces
  4918 | D:7      | Reached skill level 8 in Earth Magic
  5483 | D:6      | Found a glowing golden altar of the Shining One.
  6197 | D:8      | Found a basalt altar of Yredelemnul.
  6266 | D:8      | Found a bloodstained altar of Trog.
  6515 | D:8      | Reached XP level 10. HP: 53/60 MP: 15/18
  6541 | D:8      | Reached ** piety under Kikubaaqudgha
  6542 | D:8      | Reached skill level 9 in Earth Magic
  6638 | D:8      | Identified the +6 falchion of the Jocular God {spect,
                  | Str+2}
  6918 | D:9      | Found Saruwn's Weapon Emporium.
  7103 | D:9      | Found a runed translucent gate.
  7103 | D:9      | Found a runed translucent gate.
  7104 | D:9      | Found a runed translucent gate.
  7105 | D:9      | Noticed MrSquiggles's ghost (novice OpAr)
  7105 | D:9      | Noticed a kobold demonologist
  7106 | D:9      | Noticed a kobold demonologist
  7533 | D:9      | Reached skill level 1 in Transmutations
  8160 | D:10     | Entered Level 10 of the Dungeon
  8436 | D:10     | Killed an unseen horror
  8509 | D:10     | Found a staircase to the Orcish Mines.
  8548 | D:10     | Slain by an unseen horror

Illustrated notes

Levels and vault maps discovered:
D:1:      dpeg_arrival_refuge, layout_basic
D:2:      layout_basic, basic_altar, minmay_misc_feat_diagonals
D:3:      layout_rooms, vehumet_crystals, grunt_decor_cap
D:4:      layout_loops_cross, mainiacjoe_overflow_catwalk_spiral,
          minmay_temple_entry_trees, minmay_a_box_with_orc_wizards_in_it,
          uniq_edmund, uniq_crazy_yiuf_cottage
D:5:      layout_gridville, palyth_stone_intersect, uniq_menkaure, uniq_duvessa
D:6:      layout_basic, tso_oasis_becter, moated_statue
D:7:      layout_basic, serial_shops, nicolae_shop_hallway_plus,
          kb_lookout_dungeons_type, minmay_misc_feat_iff
D:8:      layout_basic, dk_yredelemnul_ordeal,
          mainiacjoe_overflow_concentric_impassable, uniq_prince_ribbit1
D:9:      layout_loops_corners, serial_shops, nicolae_shop_bloodbath_and_beyond,
          gammafunk_ghost_nasty_kobolds
D:10:     layout_small_grid, nicolae_overflow_two_pavilions, david_orc_3,
          uniq_lodul
Temple:   jpeg_temple_clearing

Skill      XL: |  1  2  3  4  5  6  7  8  9 10 |
---------------+-------------------------------+-----
Earth Magic    | 4 5 6 7 8 9 |  9.5
Stealth        | 3 4 5 7 |  7.0
Spellcasting   | 3 5 7 |  7.4
Fighting       | 1 3 5 7 |  7.0
Conjurations   | 2 3 5 6 7 |  7.6
Armour         | 1 2 |  2.0
Dodging        | 2 |  2.0
Transmutations | 2 |  2.2

Action                     |  1- 3 |  4- 6 |  7- 9 | 10-12 || total
---------------------------+-------+-------+-------+-------++-------
  Melee: Unarmed           |     1 |       |       |       ||     1
         Dagger            |     1 |     2 |    23 |       ||    26
         Trident           |       |       |    24 |    57 ||    81
   Cast: Sandblast         |    54 |    61 |    80 |     4 ||   199
         Stone Arrow       |       |     6 |    75 |    67 ||   148
  Evoke: Wand              |       |       |       |     1 ||     1
    Use: Scroll            |       |    13 |     4 |       ||    17
         Potion            |       |     1 |       |       ||     1
 Armour: Robe              |     5 |     5 |       |       ||    10
         Leather armour    |       |    10 |    96 |    85 ||   191
  Dodge: Dodged            |     5 |    28 |    91 |    57 ||   181
  Block: Buckler           |     2 |     6 |    15 |    12 ||    35

Table legend: (Time is in decaauts)
 A = Elapsed time spent in this place.
 B = Non-inter-level travel time spent in this place.
 C = Inter-level travel time spent in this place.
 D = Time resting spent in this place.
 E = Time spent auto-exploring this place.
 F = Levels seen in this place.
 G = Mean time per level.
                   A        B        C        D        E       F      G
               +--------+--------+--------+--------+--------+-----+--------+
         Total |   8677 |   8359 |    318 |    895 |   5412 |  11 |  788.8 |
       Dungeon |   8631 |   8321 |    310 |    895 |   5396 |  10 |  863.1 |
        Temple |     46 |     38 |      8 |      0 |     16 |   1 |   46.0 |
               +--------+--------+--------+--------+--------+-----+--------+

Top non-repeatable levels by time:
     D:9: 1287 daAuts
     D:8: 1120 daAuts
     D:4: 1068 daAuts
     D:5: 989 daAuts
     D:1: 928 daAuts
     D:3: 832 daAuts
     D:7: 766 daAuts
     D:2: 630 daAuts
     D:6: 615 daAuts
    D:10: 392 daAuts
  Temple: 46 daAuts
